 Dungeon Crawl Stone Soup version 0.27.1-4-g1640c2035a (webtiles) character file.

Game seed: 11947071833585364868

223 adizb the Digger (level 6, -3/35 HPs)
             Began as a Gargoyle Earth Elementalist on Nov 14, 2021.
             Slain by an orc priest (6 damage)
             ... on level 4 of the Dungeon.
             The game lasted 00:19:04 (2082 turns).

adizb the Digger (Gargoyle Earth Elementalist)      Turns: 2082, Time: 00:19:05

Health: -3/35      AC:  9    Str: 13    XL:     6   Next: 0%
Magic:  6/10       EV: 11    Int: 16    God:
Gold:   32         SH:  0    Dex: 10    Spells: 4/10 levels left

rFire    . . .     SeeInvis .   m - +0 mace
rCold    + . .     Faith    .   (no shield)
rNeg     + . .     Spirit   .   i - +2 leather armour {rC+}
rPois    ∞         Reflect  .   (no helmet)
rElec    +         Harm     .   (no cloak)
rCorr    .         Rampage  .   (no gloves)
Will     .....                  (no boots)
Stlth    ++........             (no amulet)
HPRegen  0.11/turn              e - ring of wizardry
MPRegen  0.12/turn              (no ring)

@: no status effects
A: sickness immunity, AC +4, negative energy resistance 1, electricity
resistance, torment resistance 1, petrification resistance
a: no special abilities


You were on level 4 of the Dungeon.
You visited 1 branch of the dungeon, and saw 4 of its levels.

You collected 72 gold pieces.
You spent 40 gold pieces at shops.

Inventory:

Hand Weapons
 m - a +0 mace (weapon)
 r - a +1 antimagic whip
Missiles
 c - 27 stones
Armour
 i - a +2 leather armour of cold resistance (worn)
Jewellery
 e - a ring of wizardry (left hand)
Wands
 q - a wand of acid (4)
Scrolls
 d - a scroll of fog
 f - a scroll of teleportation {unknown}
 j - a scroll of acquirement {unknown}
 l - a scroll of magic mapping
 n - a scroll of amnesia
 o - a scroll of blinking {unknown}
Potions
 a - a potion of magic
 g - 2 potions of resistance {unknown}
 h - a potion of mutation {unknown}
 k - a potion of flight {unknown}
 p - 2 potions of lignification {unknown}


   Skills:
 + Level 1.6 Fighting
 + Level 1.4 Maces & Flails
 + Level 1.9 Armour
 + Level 2.3 Dodging
 - Level 2.1 Stealth
 + Level 2.8 Spellcasting
 + Level 1.5 Transmutations
 * Level 5.0 Earth Magic


You had 4 spell levels left.
You knew the following spells:

 Your Spells              Type           Power      Damage    Failure   Level
a - Sandblast             Erth           36%        2d10      1%          1
b - Stone Arrow           Conj/Erth      20%        3d8       11%         3
c - Passwall              Tmut/Erth      10%        N/A       4%          2

Your spell library contained the following spells:

 Spells                   Type           Power      Damage    Failure   Level
 Shock                    Conj/Air       8%         1d3       10%         1
 Petrify                  Tmut/Erth      12%        N/A       24%         4
 Swiftness                Air            2%         N/A       28%         3
 Airstrike                Air            1%         N/A       65%         4


Dungeon Overview and Level Annotations

Branches:
Dungeon (4/15)
 Temple: D:4-7

Altars:
Xom

Shops:
D:3 ?   D:4 (

Annotations:
D:4 Edmund, Grinder


Innate Abilities, Weirdness & Mutations

You are immune to sickness and miasma.
Your stone body is resilient. (AC +4)
You are immune to poison.
You resist negative energy. (rN+)
You are resistant to electric shocks. (rElec)
You are resistant to unholy torment.
You are immune to petrification.


Message History

Grinder blinks!
You can move again.
Grinder says, "Just stop there for a second..."
An orc priest comes into view. It is wielding a +0 trident.
You closely miss the jackal.
The jackal is almost dead.
The jackal bites you. Grinder gestures at you. Pain shoots through your body!
The jackal barely misses you.
You closely miss the jackal.
The jackal is almost dead.
The jackal barely misses you.
Grinder says, "Just stop there for a second..."
As you read the scroll of fog, it crumbles to dust.
The scroll dissolves into smoke.
The jackal bites you.
The jackal bites you but does no damage.
You closely miss the jackal.
The jackal is almost dead.
The jackal completely misses you. Grinder hits you.
The orc priest invokes the aid of Beogh against you.
Beogh smites you!
* * * LOW HITPOINT WARNING * * *
Grinder blinks!
The jackal completely misses you.
As you read the scroll labelled CEIQA NUK TAXT, it crumbles to dust.
You feel aware of your surroundings.
You sensed 2 altars.
It was a scroll of magic mapping.
The jackal barely misses you. The orc priest closely misses you.
The jackal closely misses you. The jackal misses you.
As you read the scroll labelled RETAMMUPNY, it crumbles to dust.
It is a scroll of amnesia.
Really abort (and waste the scroll)?
Okay, then.
The jackal bites you but does no damage.
Edmund hits you but does no damage. The orc priest closely misses you.
As you read the scroll labelled LERATHRAAHEM, it crumbles to dust.
It is a scroll of enchant armour.
Your +1 leather armour of cold resistance glows green for a moment.
The jackal bites you but does no damage.
The orc priest hits you from afar with a +0 trident.
You die...

,*,,,,,...,#...........,,,,*
,*******#..#(....(.....,,,,*
.##....##..#...........,,,,*
.##........K...........,,,,*
.#.........#....5.....,,,,,*
.#.........#.§§§§.....,,,,,*
.##........#.§§o§#****,,,,,*
.##....##..#.§K@5# *,,,,,*
.##....##.K#.§§h@# *,,,,,*
...........#.§§§§# *,,,,,*
..†........#..§§.# *,,,,,*
.##....##..#.....# *,,,,,*
###....##..#.....# *,,,,,*
#.......hh#.....## *,,,,,*
#........@#......# *******
#.........#......#
#.........'......#


You could see Edmund, Grinder, an orc priest, a jackal and a kobold.

Vanquished Creatures
  A necrophage (D:3)
  A howler monkey (D:4)
  An orc wizard (D:3)
  An adder (D:2)
  A worm (D:2)
  A dart slug (D:4)
  3 orcs (D:3)
  8 ball pythons
  5 endoplasms
  4 giant cockroaches
  2 goblins
  5 hobgoblins
  4 jackals
  2 quokkas
  4 bats
  2 frilled lizards
  4 kobolds
  5 rats (D:1)
  A spectral kobold (D:2)
55 creatures vanquished.

Notes
Turn   | Place    | Note
-------+----------+-------------------------------------------
     0 | D:1      | adizb the Gargoyle Earth Elementalist began the quest for
                  | the Orb.
     0 | D:1      | Reached XP level 1. HP: 10/10 MP: 3/3
   167 | D:1      | Reached XP level 2. HP: 15/15 MP: 0/5
   561 | D:1      | Reached skill level 4 in Earth Magic
   562 | D:1      | Reached skill level 1 in Transmutations
   562 | D:1      | Reached XP level 3. HP: 20/20 MP: 2/6
   663 | D:2      | Found a faded altar of an unknown god.
   747 | D:2      | Reached skill level 1 in Armour
   776 | D:2      | Found a shimmering altar of Xom.
  1100 | D:3      | Reached XP level 4. HP: 24/24 MP: 4/7
  1122 | D:3      | Learned a level 3 spell: Stone Arrow
  1125 | D:3      | Learned a level 2 spell: Passwall
  1166 | D:3      | Reached skill level 1 in Fighting
  1266 | D:3      | Found Uzofudop's Magic Scroll Shoppe.
  1295 | D:3      | Bought a scroll of identify for 20 gold pieces
  1295 | D:3      | Bought a scroll of identify for 20 gold pieces
  1801 | D:4      | Noticed a necrophage
  1837 | D:3      | Killed a necrophage
  1838 | D:3      | Reached skill level 1 in Maces & Flails
  1838 | D:3      | Reached XP level 5. HP: 5/29 MP: 1/9
  1961 | D:4      | Found Axzoc's Antique Weapon Shop.
  2004 | D:4      | Reached skill level 5 in Earth Magic
  2045 | D:4      | Noticed Edmund
  2062 | D:4      | Reached XP level 6. HP: 23/35 MP: 7/10
  2067 | D:4      | Noticed Grinder
  2071 | D:4      | Paralysed by Grinder for 2 turns
  2082 | D:4      | Slain by an orc priest

Illustrated notes

Levels and vault maps discovered:
D:1:      beargit_arrival_greenhouse, layout_basic, minmay_heptomino_d4
D:2:      layout_rooms, dreamdust_ecumenical_altar_drowned_temple, basic_altar
D:3:      layout_loops_cross, serial_shops, nicolae_shop_statue_plus,
          small_statue_intersection
D:4:      minmay_general_purpose_star, layout_gridville,
          chequers_temple_overflow_statue_of_worship, serial_shops,
          nicolae_shop_overgrown_old_shop, uniq_grinder, uniq_edmund

Skill      XL: |  1  2  3  4  5 |
---------------+----------------+-----
Earth Magic    | 4 5 |  5.0
Transmutations | 1 |  1.5
Armour         | 1 |  1.9
Dodging        | 2 |  2.3
Fighting       | 1 |  1.6
Maces & Flails | 1 |  1.4
Stealth        | |  2.1
Spellcasting   | |  2.8

Action                   |  1- 3 |  4- 6 || total
-------------------------+-------+-------++-------
Melee: Unarmed           |    18 |       ||    18
       Club              |    45 |    20 ||    65
       Mace              |       |    19 ||    19
 Cast: Sandblast         |    43 |     9 ||    52
       Stone Arrow       |       |     6 ||     6
       Passwall          |       |     2 ||     2
  Use: Scroll            |     1 |     7 ||     8
 Stab: Sleeping          |     2 |     1 ||     3
Armor: Robe              |     6 |       ||     6
       Leather armour    |    26 |    26 ||    52
Dodge: Dodged            |    59 |    51 ||   110
